cohdb
Replays
Latest Replays
All Replays
Popular Replays
Top Player Replays
Match Explorer
How It Works
Community
CoH3 Stats
Reddit
Sign in to upload your games and track your stats! →
Sign in with Steam
Match 46816502
Unlisted
Match 46816502
Overview
Messages
Build Orders
End
Construct Section Command Post
Dingo Light Scout Car
Selects Heavy Armor Battlegroup
Dingo Light Scout Car
Infantry Section
Construct Platoon Command Post
Selects Light Vehicle Withdraw and Refit
Selects UNKNOWN (202330)
Selects Rigorous Vehicle Training
Humber Armored Car
Infantry Section
Construct Company Command Post
Selects Light Vehicle Withdraw and Refit
Selects UNKNOWN (202330)
Vickers Machine Gun Team
Selects Forward Repair Assembly
6-pounder Anti-tank Gun Team
Crusader AA Medium Tank
Infantry Section
Unlock M3 Grant Medium Tanks
CMP 15cwt Truck
Selects Recon Artillery
M3 Grant Medium Tank
Royal Engineer Section
M3 Grant Medium Tank
Recon Artillery
Selects UNKNOWN (2162094)
Churchill IV Heavy Tank
Recon Artillery
DerTontaiLama
Nostalgia
Miudai
陈浩南
水银灯
Bartolomaeus Bart
[PBS] Sigizmund
咖喱
0
0
Comments
sign in to comment!
No comments posted yet!